 Dungeon Crawl Stone Soup version 0.24-a0-176-gc3651c4 (webtiles) character file.

Game seed: 5919501543987870025

994 nikopol the Cleaver (level 7, 0/62 HPs)
             Began as a Minotaur Berserker on Mar 12, 2019.
             Was a Priest of Trog.
             Slain by a yak (3 damage)
             ... on level 4 of the Dungeon.
             The game lasted 00:05:20 (3049 turns).

nikopol the Cleaver (Minotaur Berserker)            Turns: 3049, Time: 00:05:21

Health: 0/62       AC:  7    Str: 24    XL:     7   Next: 99%
Magic:  6/6        EV: 11    Int:  4    God:    Trog [***...]
Gold:   125        SH:  0    Dex:  9    Spells: 6/6 levels left

rFire    . . .     SeeInvis .   a - +0 hand axe
rCold    . . .     Gourm    .   (no shield)
rNeg     . . .     Faith    .   g - +0 scale mail
rPois    .         Spirit   .   (helmet restricted)
rElec    .         Reflect  .   (no cloak)
rCorr    .         Harm     .   (no gloves)
MR       .....                  (no boots)
Stlth    ..........             m - amulet of inaccuracy (curse)
HPRegen  0.20/turn              (no ring)
MPRegen  0.10/turn              (no ring)

@: berserk cooldown, slowed, very slow
A: retaliatory headbutt, horns 2
a: Berserk, Trog's Hand, Renounce Religion


You were on level 4 of the Dungeon.
You worshipped Trog.
Trog was most pleased with you.
You were near starving.

You visited 1 branch of the dungeon, and saw 4 of its levels.

You collected 125 gold pieces.

Inventory:

Hand Weapons
 a - a +0 hand axe (weapon)
Missiles
 e - 45 arrows
Armour
 b - a +0 animal skin
 g - a +0 scale mail (worn)
Jewellery
 m - a cursed amulet of inaccuracy (around neck)
Scrolls
 d - 2 scrolls of remove curse {unknown}
Potions
 h - 2 potions of lignification
 i - 4 potions of heal wounds
 j - 2 potions of haste {unknown}
Comestibles
 c - 6 rations


   Skills:
 + Level 5.7 Fighting
 + Level 8.7 Axes
 + Level 5.9 Armour
 + Level 3.3 Dodging
 + Level 0.7 Stealth


You had 6 spell levels left.
You didn't know any spells.
Your spell library was empty.

Dungeon Overview and Level Annotations

Branches:
Dungeon (4/15)             Temple (0/1) D:4

Altars:
Cheibriados
Uskayaw
The Shining One


Innate Abilities, Weirdness & Mutations

You reflexively headbutt those who attack you in melee.
You have a pair of horns on your head.


Message History

You barely miss the yak.
The yak is moderately wounded.
You hit the yak but do no damage. You closely miss the yak.
The yak is moderately wounded.
You hit the yak. The yak gores you!
* * * LOW HITPOINT WARNING * * *
The yak misses you.
You slash the yak!
The yak is severely wounded.
You slash the yak! You barely miss the yak. You headbutt the yak.
The yak is severely wounded.
You hit the yak.
You are no longer berserk.
You are exhausted.
You feel yourself slow down. The yak closely misses you.
You furiously retaliate!
You headbutt the yak, but do no damage. The yak gores you.
You die...

#..##
##.......## .
#.## ##.....##
#.# ##.<.## #.#
##+## #.# # #.#
#####.### #.#
#........
#.######Y.....##
#......†@Y.....#
########........
#.....###
##.#### .# ..
###


You could see 2 yaks.

Vanquished Creatures
  4 yaks (D:4)
  A sky beast (D:3)
  A scorpion (D:4)
  3 orc priests (D:4)
  An orc wizard (D:4)
  2 worker ants (D:4)
  3 gnolls (D:3)
  2 adders (D:3)
  2 oozes
  2 dart slugs
  5 orcs
  5 bats
  4 giant cockroaches
  10 goblins
  4 hobgoblins
  3 jackals (D:2)
  4 quokkas
  A ball python (D:3)
  4 frilled lizards
  A jackal skeleton (D:4)
  5 kobolds
  10 rats
77 creatures vanquished.

Notes
Turn   | Place    | Note
-------+----------+-------------------------------------------
     0 | D:1      | nikopol the Minotaur Berserker began the quest for the Orb.
     0 | D:1      | Reached XP level 1. HP: 19/19 MP: 0/0
   361 | D:1      | Reached skill level 4 in Axes
   720 | D:2      | Reached XP level 2. HP: 23/27 MP: 1/1
   988 | D:2      | Reached XP level 3. HP: 33/33 MP: 2/2
  1040 | D:2      | Found a glowing golden altar of the Shining One.
  1152 | D:2      | Reached ** piety under Trog
  1496 | D:3      | Reached skill level 5 in Axes
  1496 | D:3      | Reached XP level 4. HP: 36/41 MP: 3/3
  1716 | D:3      | Noticed a sky beast
  1725 | D:3      | Killed a sky beast
  1725 | D:3      | Reached XP level 5. HP: 47/47 MP: 4/4
  1737 | D:3      | Found a hide-covered altar of Uskayaw.
  1992 | D:3      | Found a snail-covered altar of Cheibriados.
  2226 | D:3      | Reached skill level 6 in Axes
  2463 | D:4      | Found a staircase to the Ecumenical Temple.
  2473 | D:4      | Reached XP level 6. HP: 48/55 MP: 5/5
  2681 | D:4      | Reached skill level 5 in Fighting
  2688 | D:4      | Reached skill level 7 in Axes
  3024 | D:4      | Noticed a yak
  3024 | D:4      | Noticed a yak
  3024 | D:4      | Noticed a yak
  3025 | D:4      | Noticed a yak
  3025 | D:4      | Noticed a yak
  3026 | D:4      | Noticed a yak
  3038 | D:4      | Killed a yak
  3038 | D:4      | Reached XP level 7. HP: 61/61 MP: 6/6
  3042 | D:4      | Killed a yak
  3042 | D:4      | Reached skill level 8 in Axes
  3042 | D:4      | Reached skill level 5 in Armour
  3044 | D:4      | Killed a yak
  3044 | D:4      | Reached *** piety under Trog
  3045 | D:4      | Killed a yak
  3049 | D:4      | Slain by a yak

Levels and vault maps discovered:
D:1:      wander_arrival_fairy_ring, layout_basic, serial_glass,
          glass_columns_a, glass_columns_a, item_on_display_a,
          item_on_display_a, due_unseen_surprise, feat_on_display
D:2:      layout_loops_ring, lemuel_doored_altar, first_ration
D:3:      wander_river, layout_loops_corners, marbit_many_paths,
          kennysheep_slug_shrine, minmay_ruptured
D:4:      cheibrodos_greedy_goblins, layout_loops_corners,
          minmay_temple_entry_sparse_star, tso_altar

Skill      XL: |  1  2  3  4  5  6  7 |
---------------+----------------------+-----
Axes           | 4 5 6 7 8 |  8.7
Fighting       | 4 5 |  5.7
Armour         | 3 4 5 |  5.9
Dodging        | 3 |  3.3
Stealth        | |  0.7

Action                   |  1- 3 |  4- 6 |  7- 9 || total
-------------------------+-------+-------+-------++-------
Melee: Hand axe          |    72 |   100 |     9 ||   181
       Headbutt          |     9 |    11 |     4 ||    24
Invok: Berserk           |     1 |     3 |       ||     4
  Use: Scroll            |       |     5 |       ||     5
 Stab: Sleeping          |     1 |       |       ||     1
  Eat: Chunk             |     2 |     7 |       ||     9
Armor: Animal skin       |     1 |       |       ||     1
       Scale mail        |    33 |    43 |     3 ||    79
Dodge: Dodged            |    49 |    49 |     7 ||   105

Table legend:
 A = Non-vault XP
 B = Vault XP
 C = Vault XP percentage of total XP
 D = Non-vault monster count
 E = Vault monster count
 F = Vault count percentage of total count
                 A         B        C        D         E       F
            +---------+---------+-------+---------+---------+-------
      Total |    1284 |     136 |   9.6 |      72 |       5 |   6.5
            +---------+---------+-------+---------+---------+-------
        D:1 |      11 |       0 |   0.0 |       9 |       0 |   0.0
        D:2 |      46 |       0 |   0.0 |      23 |       0 |   0.0
        D:3 |     106 |     136 |  56.2 |      24 |       5 |  17.2
        D:4 |    1121 |       0 |   0.0 |      16 |       0 |   0.0
            +---------+---------+-------+---------+---------+-------
